AoeStats
← Red Calypso

Lombardia

508635763Analyzed
4v4 RM · 8d ago on Sep 23, 2026· 44m 10s· 8 players
Game mode
Random Map
Map size
Large (8 player)
Population
200
Speed
Normal
Resources
Standard
Victory
Conquest
Starting age
Dark Age
Ending age
Imperial Age
RankedLock teamsTeams togetherTeam positionsShared explorationLock speedFull tech treeHidden civsTurbo modeCheats
Victory
Defeat
🇦🇺 Hindustanis · Australia
1460
+13
🇨🇳 Varangians · China
1444
+14
🇭🇰 Koreans · Hong Kong SAR China
1438
+14
🇨🇳 Byzantines · China
1348
+18
🇩🇪 Saxons · Germany
1461
-17
🇩🇪 Danes · Germany
1434
-16
🇻🇪 Mongols · Venezuela
1358
-13
🇦🇹 Varangians · Austria
1351
-13
Red Calypso
6:57 Loom
9:19 Feudal Age
20:18 Castle Age
19:02 Forging
19:38 Bloodlines
19:35 Horse Collar
20:16 Scale Barding Armor
21:40 Husbandry
22:10 Chain Barding Armor
26:48 Double-Bit Axe
30:55 Wheelbarrow
36:29 Imperial Age
34:16 Hand Cart
35:16 Iron Casting
36:48 Cavalier
37:38 Gold Mining
37:40 Stone Mining
38:55 Plate Barding Armor
37:50 Light Cavalry
41:45 Blast Furnace
41:08 Conscription
41:56 Guilds
RagnarLothbrok
2:43 Loom
11:09 Feudal Age
9:29 Loom
11:14 Feudal Age
13:55 Double-Bit Axe
16:31 Castle Age
14:39 Horse Collar
17:30 Bow Saw
18:43 Heavy Plow
21:11 Forging
26:24 Wheelbarrow
29:11 Fletching
29:39 Bloodlines
29:54 Bodkin Arrow
33:42 Imperial Age
31:33 Husbandry
33:27 Caravan
33:39 Thumb Ring
34:06 Ballistics
34:33 Bracer
35:40 Chemistry
35:33 Masonry
36:58 Conscription
36:59 Elite Mangudai
39:47 Hoardings
42:48 Nomads
43:05 Onager
4k1m
11:07 Feudal Age
15:25 Castle Age
18:11 Double-Bit Axe
23:32 Fletching
28:18 Loom
28:50 Bow Saw
29:35 Wheelbarrow
30:44 Horse Collar
33:36 Scale Barding Armor
33:35 Scale Mail Armor
33:45 Forging
36:20 Imperial Age
34:06 Hand Cart
33:37 Town Watch
36:52 Elite Jomsviking
37:19 Hamask
38:05 Cranequins
38:21 Heavy Mounted Crossbowman
39:19 Thumb Ring
39:44 Bodkin Arrow
39:50 Padded Archer Armor
40:55 Bracer
41:03 Onager
Dekodie
6:47 Loom
9:07 Feudal Age
9:39 Double-Bit Axe
20:11 Castle Age
19:26 Horse Collar
21:06 Bow Saw
23:45 Wheelbarrow
27:10 Fletching
27:31 Forging
32:01 Heavy Plow
31:51 Gold Mining
32:10 Squires
36:00 Imperial Age
36:07 Imperial Age
34:56 Forging
34:46 Scale Mail Armor
35:49 Fletching
36:00 Padded Archer Armor
36:37 Crossbowman
38:03 Conscription
37:35 Pikeman
38:30 Bodkin Arrow
38:00 Arbalester
38:45 Thumb Ring
39:52 Bracer
39:41 Halberdier
41:06 Leather Archer Armor
42:28 Ballistics
执者如旗
7:14 Loom
11:42 Feudal Age
17:08 Castle Age
16:49 Double-Bit Axe
19:40 Wheelbarrow
25:53 Hand Cart
25:37 Gold Mining
25:38 Stone Mining
26:01 Bow Saw
25:32 Horse Collar
28:32 Heavy Plow
32:39 Imperial Age
31:10 Forging
31:45 Scale Barding Armor
32:36 Iron Casting
33:31 Chain Barding Armor
35:15 Plate Barding Armor
35:27 Gold Shaft Mining
35:19 Conscription
34:53 Elite Cataphract
36:21 Stone Shaft Mining
40:13 Logistica
41:05 Husbandry
41:25 Elite Skirmisher
42:11 Thumb Ring
Noob ai
5:43 Loom
8:12 Feudal Age
9:53 Double-Bit Axe
12:02 Horse Collar
18:15 Castle Age
19:19 Bow Saw
23:17 Husbandry
23:57 Scale Barding Armor
25:42 Gold Mining
26:25 Bloodlines
27:00 Wheelbarrow
27:45 Forging
32:34 Imperial Age
30:41 Hand Cart
31:42 Iron Casting
31:30 Chain Barding Armor
32:01 Gold Shaft Mining
32:35 Iron Casting
32:46 Heavy Camel Rider
34:02 Plate Barding Armor
35:04 Blast Furnace
34:34 Imperial Camel Rider
36:56 Town Watch
37:59 Conscription
37:40 Grand Trunk Road
39:00 Coinage
39:21 Caravan
41:13 Banking
40:39 Stone Mining
达拉姆大主教
11:36 Feudal Age
15:23 Castle Age
13:41 Double-Bit Axe
13:41 Horse Collar
18:05 Loom
21:26 Forging
23:25 Wheelbarrow
25:24 Bloodlines
26:50 Scale Barding Armor
28:36 Hand Cart
29:01 Stone Mining
30:19 Heavy Plow
30:13 Gold Mining
30:59 Stone Shaft Mining
34:51 Imperial Age
33:02 Husbandry
33:26 Town Watch
34:02 Chain Barding Armor
34:55 Elite Jarl
35:56 Conscription
36:16 Plate Barding Armor
35:56 Bow Saw
35:59 Fletching
36:13 Treadmill Crane
37:38 Iron Casting
37:44 Iron Casting
41:40 Two-Man Saw
41:11 Crop Rotation
40:50 Caravan
41:48 Ballistics
41:24 Bodkin Arrow
42:29 Blast Furnace
41:27 Bodkin Arrow
木姜子
13:23 Feudal Age
17:11 Castle Age
16:06 Double-Bit Axe
18:35 Bow Saw
19:04 Horse Collar
22:42 Heavy Plow
24:51 Gold Mining
26:15 Gold Shaft Mining
26:29 Stone Mining
29:49 Wheelbarrow
32:13 Imperial Age
29:59 Fletching
30:51 Bodkin Arrow
31:38 Hand Cart
32:38 Squires
31:59 Pikeman
32:59 Eupseong
33:43 Conscription
32:45 Elite War Wagon
34:05 Husbandry
34:13 Thumb Ring
34:10 Bracer
34:22 Forging
34:13 Scale Mail Armor
34:17 Loom
35:40 Two-Man Saw
34:57 Siege Engineers
35:53 Chemistry
35:14 Ballistics
34:35 Treadmill Crane
35:07 Masonry
36:13 Shinkichon
36:51 Iron Casting
36:08 Heavy Rocket Cart
Connection lost

Rejoining the realm…

Still unreachable

The connection could not be restored.

Session expired

The server has moved on; the page needs a fresh start.